 Dungeon Crawl Stone Soup version 0.20.1-1-g8b1a95d (webtiles) character file.

417 dohliylev the Sneak (level 6, -4/42 HPs)
             Began as a Vampire Enchanter on Dec 7, 2017.
             Slain by dscm's ghost (7 damage)
             ... on level 4 of the Dungeon.
             The game lasted 00:10:02 (3335 turns).

dohliylev the Sneak (Vampire Enchanter)             Turns: 3335, Time: 00:10:03

Health: -4/42      AC:  3    Str:  7    XL:     6   Next: 61%
Magic:  0/10       EV: 13    Int: 17    God:
Gold:   134        SH:  0    Dex: 17    Spells: 2/11 levels left

rFire    . . .     SeeInvis +   a - +1 dagger
rCold    . . .     Gourm    .   (no shield)
rNeg     + . .     Faith    .   b - +0 robe
rPois    .         Spirit   .   (no helmet)
rElec    .         Reflect  .   (no cloak)
rCorr    .         Harm     .   g - +0 pair of gloves
MR       .....                  (no boots)
Stlth    ++++......             (no amulet)
Regen    0.2/turn               (no ring)
MPRegen  0.2/turn               (no ring)

@: no status effects
A: fangs 3, see invisible, unbreathing
a: Bat Form


You were on level 4 of the Dungeon.
You were not thirsty.

You visited 1 branch of the dungeon, and saw 4 of its levels.

You collected 134 gold pieces.

Inventory:

Hand Weapons
 a - a +1 dagger (weapon)
Armour
 b - a +0 robe (worn)
 g - a +0 pair of gloves (worn)
Jewellery
 m - an uncursed ring of wizardry {unknown}
Scrolls
 e - 3 scrolls of magic mapping {unknown}
 f - 4 scrolls of identify {unknown}
 h - 2 scrolls of enchant armour {unknown}
 i - a scroll of amnesia {unknown}
 j - 2 scrolls of remove curse {unknown}
 k - 2 scrolls of teleportation {unknown}
 l - a scroll of immolation {unknown}
Potions
 d - 9 potions of blood
 n - a potion of curing {unknown}
Books
 c - a book of Maledictions

   Spells                             Type                      Level
   a - Corona                         Hexes                        1
   b - Ensorcelled Hibernation        Hexes/Ice                    2
   c - Confuse                        Hexes                        3
   d - Tukima's Dance                 Hexes                        3
   e - Dazzling Spray                 Conjuration/Hexes            3


   Skills:
 + Level 0.5 Fighting
 + Level 2.6 Short Blades
 + Level 3.1 Dodging
 + Level 7.5 Stealth
 + Level 3.1 Spellcasting
 - Level 6.0 Hexes
 + Level 2.0 Ice Magic


You had 2 spell levels left.
You knew the following spells:

 Your Spells              Type           Power        Failure   Level  Hunger
a - Corona                Hex            ###....      1%          1    None
b - Ensorcelled Hibernat  Hex/Ice        ###...       4%          2    ##.....
c - Confuse               Hex            ###.....     4%          3    ###....
d - Dazzling Spray        Conj/Hex       ##....       16%         3    ###....


Dungeon Overview and Level Annotations

Branches:
Dungeon (4/15)
 Temple: D:4-7

Altars:
Okawaru
Qazlal
The Shining One

Annotations:
D:4 dscm's ghost, amateur DsFi


Innate Abilities, Weirdness & Mutations

You have razor-sharp teeth.
You have supernaturally acute eyesight. (SInv)
You can survive without breathing.


Message History

Dscm's ghost hits you.
You hit the dart slug but do no damage.
The dart slug bites you but does no damage.
Dscm's ghost barely misses you.
You hit the dart slug.
You bite the dart slug, but do no damage.
The dart slug is moderately wounded.
You hit the dart slug.
The dart slug is heavily wounded.
Dscm's ghost hits you!
* * * LOW HITPOINT WARNING * * *
The dart slug closely misses you.
You hit the dart slug.
The dart slug is severely wounded.
Dscm's ghost hits you.
* * * LOW HITPOINT WARNING * * *
You hit the dart slug but do no damage.
The dart slug is severely wounded.
Dscm's ghost hits you!
You die...

#.#.##.####..######.# #. #
#.##............#.# #.
#.#...###..####.#.#######.
#.#...........W...........
#.......#..#######.#####..
#.......#..# #........
#..........# #.#######
###...###W## #........
#... #@# #.####### ##.#
#w# ##.##### #. #.#
#......# #. ...
##...##.### #..
.............
#.....###<..##.### ##.#
##.###.# .# #.###.###
#.......<


You could see dscm's ghost and a dart slug.

Vanquished Creatures
  A water moccasin zombie (D:4)
  A scorpion (D:4)
  2 hounds (D:4)
  Natasha (D:4)
  3 iguanas (D:4)
  A worker ant (D:3)
  5 adders
  2 oozes (D:1)
  An adder skeleton (D:4)
  2 worms
  2 dart slugs
  3 leopard geckos
  5 orcs (D:3)
  2 bats
  2 giant cockroaches
  6 goblins
  5 hobgoblins
  2 quokkas
  4 frilled lizards
  A jackal zombie (D:4)
  6 kobolds
  7 rats
64 creatures vanquished.

Notes
Turn   | Place    | Note
-------+----------+-------------------------------------------
     0 | D:1      | dohliylev the Vampire Enchanter began the quest for the Orb.
     0 | D:1      | Reached XP level 1. HP: 13/13 MP: 3/3
    76 | D:1      | Reached XP level 2. HP: 12/19 MP: 3/5
    85 | D:1      | Learned a level 2 spell: Ensorcelled Hibernation
   163 | D:1      | Reached skill level 5 in Hexes
   650 | D:1      | Reached XP level 3. HP: 24/24 MP: 6/6
   828 | D:2      | Reached skill level 5 in Stealth
  1128 | D:2      | Reached skill level 1 in Ice Magic
  1130 | D:2      | Reached XP level 4. HP: 20/30 MP: 0/7
  1651 | D:3      | Found a glowing golden altar of the Shining One.
  1750 | D:3      | Found a stormy altar of Qazlal.
  2105 | D:4      | Reached skill level 6 in Stealth
  2105 | D:4      | Reached XP level 5. HP: 36/36 MP: 8/8
  2110 | D:4      | Learned a level 3 spell: Confuse
  2114 | D:4      | Learned a level 3 spell: Dazzling Spray
  2368 | D:4      | Noticed dscm's ghost (amateur DsFi)
  2409 | D:4      | Found an iron altar of Okawaru.
  2737 | D:4      | Reached XP level 6. HP: 42/42 MP: 6/10
  2815 | D:4      | Reached skill level 7 in Stealth
  2872 | D:4      | Noticed Natasha
  3242 | D:4      | Killed Natasha
  3335 | D:4      | Slain by dscm's ghost

Skill      XL: |  1  2  3  4  5  6 |
---------------+-------------------+-----
Hexes          | 5 6 |  6.0
Stealth        | 5 6 7 |  7.5
Ice Magic      | 1 2 |  2.0
Short Blades   | 2 |  2.6
Dodging        | 3 |  3.1
Spellcasting   | 3 |  3.1
Fighting       | |  0.5

Action                   |  1- 3 |  4- 6 || total
-------------------------+-------+-------++-------
Melee: Dagger            |    62 |    72 ||   134
       Bite              |     6 |     2 ||     8
       Unarmed           |       |     1 ||     1
 Cast: Corona            |     6 |       ||     6
       Ensorcelled Hiber |    13 |    35 ||    48
       Dazzling Spray    |       |     6 ||     6
       Confuse           |       |     4 ||     4
 Abil: End Transformatio |       |     3 ||     3
       Bat Form          |       |     3 ||     3
  Use: Potion            |       |     1 ||     1
 Stab: Sleeping          |    23 |    25 ||    48
       Confused          |       |     1 ||     1
  Eat: Corpse            |     5 |     6 ||    11
Armor: Robe              |    10 |    11 ||    21
Dodge: Dodged            |    51 |    56 ||   107
